cohdb
Replays
Latest Replays
All Replays
Popular Replays
Top Player Replays
Match Explorer
How It Works
Community
CoH3 Stats
Reddit
Sign in to upload your games and track your stats! →
Sign in with Steam
Match 41073540
Unlisted
Match 41073540
Overview
Messages
Build Orders
End
Construct Barracks
Selects Advanced Infantry Battlegroup
Riflemen Squad
Riflemen Squad
M1 Mortar Team
Riflemen Squad
M1 Mortar Team
Selects Ammunition Storage
Construct Medical Station
Selects Convert to Ranger Squad
Mechanized Support Center
Engineer Squad
Construct Weapon Support Center
Selects M2A1 105mm Howitzer Emplacement
Selects Convert to Ranger Squad
Convert to Ranger Squad
Construct Tank Depot
Convert to Ranger Squad
Selects Frontline Medical Station
Selects Ranger Weapon Training
M18 Hellcat Tank Destroyer
M4A1 Sherman Medium Tank
Selects 155mm Rapid Artillery Barrage
Riflemen Squad
M4A1 76mm Conversion
Convert to Ranger Squad
Improvised Armor
FuniX22
Nuclear Viking
guany
burchbeer92
巴图尔
.Рок-н-рольщик.
0
0
Comments
sign in to comment!
No comments posted yet!